 Dungeon Crawl Stone Soup version 0.30.1-9-gdf580d7c3d (webtiles) character file.

Game seed: 9035027848359279050

433 jagang the Slasher (level 7, -2/55 HPs)
             Began as a Barachi Monk on Oct 25, 2023.
             Slain by a black bear (5 damage)
             ... on level 4 of the Dungeon.
             The game lasted 00:08:38 (3082 turns).

jagang the Slasher (Barachi Monk)                   Turns: 3082, Time: 00:08:39

Health: -2/55      AC: 10    Str: 13    XL:     7   Next: 0%
Magic:  7/7        EV:  8    Int: 10    God:
Gold:   236        SH:  0    Dex: 16    Spells: 6/6 levels left

rFire   . . .        a - +0 falchion
rCold   . . .        d - orb {light}
rNeg    . . .        w - +0 chain mail
rPois   +            (no helmet)
rElec   .            u - +0 cloak
rCorr   .            (no gloves)
SInv    .            (no boots)
Will    .....        (no amulet) Stlth
                     s - ring of poison resistance
HPRegen 0.29/turn    (no ring)
MPRegen 0.10/turn

%: no passive effects
@: glowing, slow
A: amphibious, slowness 1, strong legs 1, +LOS
a: Hop


You were on level 4 of the Dungeon.
You visited 1 branch of the dungeon, and saw 4 of its levels.

You collected 236 gold pieces.

Inventory:

Hand Weapons
 a - a +0 falchion (weapon)
Missiles
 k - 4 poisoned darts (quivered)
 o - 4 boomerangs
Armour
 d - an orb of light (worn)
 u - a +0 cloak (worn)
 w - a +0 chain mail (worn)
Jewellery
 s - a ring of poison resistance (left hand)
Wands
 t - a wand of polymorph (10)
 v - a wand of roots (15)
Scrolls
 f - a scroll of noise {unknown}
 h - a scroll of acquirement {unknown}
 j - 2 scrolls of teleportation {unknown}
 m - a scroll of blinking {unknown}
 n - a scroll of magic mapping {unknown}
 p - 3 scrolls of identify {unknown}
 q - a scroll of enchant weapon {unknown}
 x - a scroll of fog {unknown}
 y - 3 scrolls of amnesia {unknown}
 z - a scroll of torment {unknown}
Potions
 b - a potion of cancellation {unknown}
 c - 2 potions of invisibility {unknown}
 e - a potion of might {unknown}
 g - 3 potions of curing
 i - a potion of lignification {unknown}
 l - a potion of resistance {unknown}
 r - a potion of mutation {unknown}
 A - 2 potions of flight {unknown}


   Skills:
 + Level 4.9 Fighting
 * Level 6.0 Long Blades
 + Level 0.1 Throwing
 * Level 4.5 Armour
 + Level 4.5 Dodging


You had 6 spell levels left.
You didn't know any spells.
Your spell library contained the following spells:

 Spells                   Type           Power      Damage    Failure   Level
 Slow                     Hex            0%         N/A       100%        1
 Poisonous Vapours        Pois/Air       0%         N/A       100%        2
 Confusing Touch          Hex            0%         N/A       100%        3
 Mephitic Cloud           Conj/Pois/Air  0%         N/A       100%        3
 Vampiric Draining        Necr           0%         2d6       100%        3
 Freezing Cloud           Conj/Ice/Air   0%         6-21      100%        5
 Malign Gateway           Summ/Tloc      0%         N/A       100%        7
 Summon Horrible Things   Summ           0%         N/A       100%        8


Dungeon Overview and Level Annotations

Branches:
Dungeon (4/15)
 Temple: D:4-7

Altars:

Shops:
D:2 [   D:3 :


Innate Abilities, Weirdness & Mutations

You are amphibious.
You cover ground slowly.
You can hop short distances.
You have an extended range of vision and can be seen from far away.


Message History

You kill the adder!
The black bear closely misses you. The black bear claws you. x2
You have reached level 7!
You barely miss the black bear.
The black bear is lightly wounded.
The black bear bites you.
The black bear claws you but does no damage.
The black bear claws you.
You slash the black bear!
The black bear is heavily wounded.
The black bear bites you. The black bear closely misses you.
The black bear claws you but does no damage.
You barely miss the black bear.
The black bear is heavily wounded.
The black bear bites you but does no damage.
The black bear claws you but does no damage. x2
You hit the black bear.
The black bear is severely wounded.
The black bear bites you. The black bear barely misses you.
The black bear claws you but does no damage.
You hit the black bear.
The black bear is almost dead.
The black bear goes berserk!
You hit the black bear.
The black bear is almost dead.
The black bear bites you but does no damage.
The black bear claws you but does no damage. x2
You hit the black bear but do no damage.
The black bear is almost dead.
The black bear bites you! The black bear closely misses you.
The black bear completely misses you.
The black bear bites you but does no damage.
The black bear closely misses you. The black bear claws you.
* * * LOW HITPOINT WARNING * * *
You hit the black bear but do no damage.
The black bear is almost dead.
The black bear bites you!
* * * LOW HITPOINT WARNING * * *
The black bear claws you.
You die...

....# ....# .....#####
#.... .).....##.(.
#......... ......# #..
#...# #.. . #...# #.# ..
##h)## #.# ... ##@.##
#.## .... ##..## #..# ##.
#....###..## ###..###...
#........## ###....#....#
.........## ##.......<.#
..........####..####...##
......###..)....# #...#
...... ####.......^..##
..... ##.........#


You could see a black bear (berserk).

Vanquished Creatures
  Sigmund (D:2)
  Crazy Yiuf (D:2)
  Natasha (thrice) (D:2)
  Ijyb (D:3)
  6 adders
  2 worms
  2 dart slugs (D:2)
  4 ball pythons
  6 endoplasms
  7 giant cockroaches
  6 goblins
  8 hobgoblins
  7 jackals
  4 quokkas
  4 bats
  8 frilled lizards
  14 kobolds
  4 rats
88 creatures vanquished.

Notes
Turn   | Place    | Note
-------+----------+-------------------------------------------
     0 | D:1      | jagang the Barachi Monk began the quest for the Orb.
     0 | D:1      | Reached XP level 1. HP: 18/18 MP: 1/1
    68 | D:1      | Found a faded altar of an unknown god.
   171 | D:1      | Reached XP level 2. HP: 25/25 MP: 2/2
   196 | D:1      | Reached skill level 1 in Armour
   593 | D:1      | Reached skill level 4 in Long Blades
   734 | D:1      | Reached XP level 3. HP: 30/30 MP: 3/3
   946 | D:2      | Found Cace's Antique Armour Shoppe.
   976 | D:2      | Reached XP level 4. HP: 35/37 MP: 4/4
  1163 | D:2      | Noticed Sigmund
  1163 | D:2      | Noticed Natasha
  1204 | D:2      | Killed Sigmund
  1205 | D:2      | Reached skill level 5 in Long Blades
  1205 | D:2      | Reached XP level 5. HP: 27/43 MP: 5/5
  1205 | D:2      | Reached XP level 6. HP: 30/49 MP: 6/6
  1240 | D:2      | Killed Natasha
  1523 | D:2      | Noticed Natasha
  1531 | D:2      | Killed Natasha
  1617 | D:2      | Noticed Natasha
  1621 | D:2      | Killed Natasha
  1779 | D:2      | Found a runed translucent door.
  1780 | D:2      | Noticed Crazy Yiuf
  2144 | D:2      | Killed Crazy Yiuf
  2244 | D:3      | Noticed Ijyb
  2262 | D:3      | Killed Ijyb
  2263 | D:3      | Reached skill level 6 in Long Blades
  2623 | D:3      | Found Gosepp's Vocational Training.
  3063 | D:4      | Noticed a black bear
  3075 | D:4      | Reached XP level 7. HP: 35/55 MP: 7/7
  3082 | D:4      | Slain by a black bear

Illustrated notes

Levels and vault maps discovered:
D:1:      wander_arrival_peaceful_grave, layout_basic,
          ebering_ecumenical_altar_petrified, hex_medium
D:2:      minmay_thinvault, layout_rooms, serial_shops, shop,
          lexackson_kobold_supper, uniq_crazy_yiuf_cottage, uniq_natasha,
          uniq_sigmund
D:3:      layout_loops_ring, minivault_5, nicolae_shop_vocational, uniq_ijyb
D:4:      layout_layer_cave, lemuel_tele_altar, uniq_grinder

Skill      XL: |  1  2  3  4  5  6 |
---------------+-------------------+-----
Armour         | 1 2 3 4 |  4.5
Long Blades    | 4 5 6 |  6.0
Fighting       | 4 |  4.9
Dodging        | 4 |  4.5
Throwing       | |  0.1

Action                     |  1- 3 |  4- 6 |  7- 9 || total
---------------------------+-------+-------+-------++-------
  Melee: Falchion          |    85 |   177 |     8 ||   270
         Unarmed           |       |     2 |       ||     2
  Throw: Dart              |       |     2 |       ||     2
    Use: Potion            |       |     1 |       ||     1
 Armour: Robe              |    10 |       |       ||    10
         Ring mail         |    15 |    39 |       ||    54
         Chain mail        |       |    37 |    10 ||    47
  Dodge: Dodged            |    62 |   107 |     5 ||   174
